Map: Dusk Towers

Players

Miszu

  • Race: Terran Terran
  • League: Master

IIIIIIIIIIll - Winner!

  • Race: Zerg Zerg
  • League: Master

VOD

Have the link to the VOD?

Description

Time

  • Played on: April 22, 2016, 5:04 p.m.
  • Length: 23:05
Show
View Real Time Build Order
Export as new Build Order

Miszu Terran 

Build Orders: Liberator Opening, Reaper Expand, MMM Bio 

Get SALT Encoding   

  12  0:00  SCV  
  13  0:13  SCV  
  14  0:17  Supply Depot  
  14  0:25  SCV  
  15  0:38  SCV  
  15  0:40  Barracks  
  16  0:45  Refinery  
  16  0:50  SCV  
  17  1:03  SCV  
  18  1:16  SCV  
  19  1:28  Orbital Command  
  19  1:30  Reaper  
  20  1:41  Command Center  
  20  1:48  Supply Depot  
  20  1:54  SCV  
  21  2:01  Marine  
  21  2:08  SCV  
  23  2:12  Factory  
  23  2:20  SCV  
  24  2:23  Barracks Reactor  
  24  2:25  Refinery  
  24  2:32  SCV  
  25  2:44  SCV  
  26  2:54  Orbital Command  
  26  2:56  SCV  
  27  2:58  Starport  
  27  3:01  Marine  
  27  3:02  Marine  
  27  3:03  Factory Tech Lab  
  29  3:08  SCV  
  30  3:19  Marine x2  
  31  3:20  Liberator  
  31  3:21  SCV  
  31  3:23  SCV  
  34  3:33  SCV  
  35  3:35  SCV  
  35  3:40  Command Center  
  39  3:45  SCV  
  39  3:47  SCV  
  40  3:57  SCV  
  40  4:00  Barracks, SCV  
  45  4:03  Barracks  
  45  4:09  SCV  
  46  4:19  Refinery x2, SCV  
  46  4:21  SCV  
  46  4:23  Supply Depot  
  45  4:26  Supply Depot  
  45  4:30  Liberator  
  45  4:32  SCV  
  46  4:41  Engineering Bay  
  46  4:42  Engineering Bay  
  46  4:44  Marine x2  
  46  4:45  Siege Tank, SCV x2  
  57  4:54  Orbital Command  
  57  4:56  Barracks Tech Lab  
  57  4:57  SCV x2  
  57  4:58  Barracks Tech Lab  
  58  5:02  Marine  
  59  5:09  SCV x2  
  59  5:12  Terran Infantry Armor Level 1  
  59  5:13  Terran Infantry Weapons Level 1  
  61  5:18  Orbital Command  
  62  5:21  SCV  
  62  5:24  Siege Tank  
  62  5:25  Marine  
  66  5:30  Marine  
  66  5:32  Starport Reactor, SCV  
  66  5:33  SCV  
  66  5:34  Combat Shields  
  66  5:35  Stimpack  
  66  5:39  Barracks  
  66  5:41  Barracks  
  66  5:44  Supply Depot, SCV  
  66  5:45  SCV  
  66  5:47  SCV  
  69  5:54  Marine  
  69  5:56  SCV  
  69  5:57  Marine x3, SCV  
  71  5:59  SCV  
  76  6:08  Supply Depot, SCV  
  76  6:09  SCV  
  76  6:10  Supply Depot  
  78  6:11  Marine  
  78  6:12  SCV  
  78  6:14  Marine  
  78  6:15  Marine x2  
  80  6:20  Medivac  
  85  6:29  Barracks Reactor  
  85  6:30  Barracks Reactor, Supply Depot, Marine, Medivac, SCV x3  
  85  6:32  Marine  
  92  6:38  Marine  
  93  6:41  Armory  
  93  6:42  SCV  
  93  6:44  Barracks x3  
  91  6:49  Supply Depot  
  91  6:50  Medivac, SCV  
  91  6:51  Supply Depot  
  91  6:52  Marauder, Factory Reactor  
  97  6:54  SCV x2  
  97  6:55  Supply Depot  
  97  6:56  Marauder  
  97  7:00  Medivac  
  102  7:02  SCV  
  102  7:08  Marine x2  
  103  7:09  Marine x4  
  103  7:13  Marauder  
  103  7:15  Supply Depot  
  111  7:17  Marine  
  111  7:20  Supply Depot  
  111  7:22  Supply Depot  
  112  7:26  Marine x2  
  112  7:27  Marine  
  112  7:29  Terran Infantry Armor Level 2, Refinery, Terran Infantry Weapons Level 2  
  115  7:31  Marine x2  
  115  7:32  Barracks Tech Lab x2  
  115  7:34  Barracks Tech Lab  
  115  7:35  Marauder  
  119  7:37  Barracks Reactor  
  118  7:57  SCV  
  110  8:00  Marine  
  110  8:01  Marine, Marauder x3  
  110  8:02  Medivac x2, Marauder, Widow Mine  
  110  8:03  Widow Mine  
  128  8:10  Marine  
  129  8:22  Marauder  
  129  8:23  Marauder x2  
  129  8:26  Marine, Marauder  
  131  8:27  Marine x6  
  131  8:28  Marine  
  131  8:30  Missile Turret  
  131  8:31  Widow Mine  
  131  8:33  Missile Turret  
  136  8:41  Medivac x2, Widow Mine  
  131  8:43  Marine, Marauder  
  131  8:44  Marine x2  
  131  8:45  Marine x6  
  131  8:46  Marine  
  131  8:47  Marine  
  150  8:49  Supply Depot  
  150  8:53  Supply Depot  
  150  8:55  Supply Depot  
  150  8:59  Widow Mine  
  152  9:05  Marine  
  152  9:06  Marauder x2  
  157  9:10  Marine x8  
  157  9:13  Marine  
  164  9:20  Factory  
  164  9:21  Supply Depot  
  164  9:22  Supply Depot  
  164  9:23  Marine  
  165  9:27  Marine, Marauder  
  165  9:28  Marine x5  
  165  9:31  Marine  
  169  9:35  Marine  
  169  9:36  Marine x2  
  159  9:46  Marauder  
  159  9:48  Marauder  
  159  9:50  Marauder  
  159  9:52  Marine, Marauder  
  165  9:54  Marine  
  164  10:07  Marauder  
  164  10:09  Marine, Marauder  
  164  10:11  Marine x6, Marauder  
  164  10:12  Hellion x2, Medivac x2, Marine  
  164  10:13  Marauder  
  180  10:27  Marine  
  180  10:28  Marine, Terran Infantry Armor Level 3, Marauder  
  180  10:29  Marine x5  
  180  10:30  Terran Infantry Weapons Level 3, Marine  
  180  10:31  Marauder  
  180  10:33  Widow Mine x2  
  175  10:45  Marine, Marauder  
  175  10:48  Marine x2  
  144  10:57  Marine  
  144  11:01  Marine  
  144  11:02  Marine  
  144  11:03  Marine x4  
  144  11:04  Marine, Marauder, Widow Mine  
  138  11:05  Hellion  
  138  11:06  Marine  
  138  11:07  Medivac x2  
  138  11:08  Marauder  
  150  11:20  Factory Tech Lab  
  150  11:23  Orbital Command  
  150  11:25  Widow Mine  
  150  11:30  Marine  
  150  11:31  Marauder x2  
  150  11:32  Marine, Marauder  
  160  11:33  Widow Mine  
  160  11:37  Medivac x2, Missile Turret  
  166  11:50  Liberator x2  
  166  11:53  Marine  
  166  11:54  Marine, Marauder, Widow Mine  
  169  11:55  Marine x3, Marauder  
  147  12:09  Marauder  
  147  12:10  Marine  
  147  12:11  Marauder  
  121  12:31  Marauder x3  
  121  12:33  Marauder  
  121  12:34  Marine, Widow Mine x2  
  130  12:41  Marine  
  130  12:42  SCV  
  131  12:46  Marine  
  131  12:47  Marine x5  
  131  12:49  Thor  
  144  12:51  Marine  
  144  12:52  Marine, Marauder  
  144  12:53  Marine, Marauder  
  144  12:55  Refinery x2  
  151  12:59  Marine  
  151  13:04  Marine  
  151  13:05  Marine x2  
  155  13:06  Marine  
  155  13:07  Marine, Liberator  
  155  13:11  Marauder  
  155  13:12  Marauder  
  161  13:13  Marauder  
  161  13:14  Marauder  
  165  13:22  Widow Mine x2  
  166  13:32  Marauder, Widow Mine  
  170  13:35  Missile Turret  
  170  13:41  Orbital Command  
  166  13:49  Marauder x2  
  166  13:50  Marauder  
  166  13:54  Marine  
  166  13:55  Marine x8  
  181  14:03  Command Center  
  181  14:05  Liberator x2  
  179  14:10  Marine x2  
  179  14:11  Marine  
  179  14:12  Marine  
  179  14:13  Marine x5  
  179  14:15  Bunker  
  188  14:23  SCV  
  195  14:24  Refinery x2  
  195  14:27  Marauder, Missile Turret  
  197  14:31  Marine x3  
  200  14:39  Command Center  
  200  14:42  Starport  
  200  14:59  Marine x3  
  200  15:09  Marine x2  
  200  15:10  Liberator x2  
  157  15:14  Marine x3, Marauder  
  157  15:15  Marine x3  
  157  15:17  Marine  
  131  15:27  Marauder  
  139  15:28  Marine  
  139  15:29  Marine x2  
  139  15:32  Marine x4  
  139  15:33  Marauder x2  
  139  15:35  Marine  
  150  15:36  Marauder  
  153  15:43  Hellion  
  153  15:45  Widow Mine x2  
  153  15:46  Marine  
  153  15:47  Marine x2  
  153  15:48  Marauder  
  164  15:50  Marine x4  
  164  15:53  Marine, Liberator x2  
  164  15:54  Marauder x2  
  164  15:56  Marine  
  174  16:04  Marine, Widow Mine  
  160  16:17  Marauder x2  
  162  16:19  Marauder  
  162  16:23  Refinery  
  164  16:32  Planetary Fortress  
  164  16:36  Liberator  
  166  16:40  Marauder x4  
  172  16:51  Missile Turret  
  169  17:01  Medivac  
  169  17:03  Marauder  
  169  17:04  Marauder  
  154  17:19  Marine, Marauder  
  154  17:20  Marine x7, Marauder  
  154  17:21  Medivac  
  154  17:25  Marauder x2  
  158  17:31  Medivac  
  153  17:37  Marine  
  153  17:38  Marine x2  
  153  17:40  Marauder  
  153  17:41  Marauder  
  153  17:44  Medivac  
  147  17:45  Widow Mine  
  147  17:46  Marauder x2, Widow Mine x2  
  147  17:49  Refinery x2  
  155  17:51  Medivac  
  155  17:55  SCV x3  
  158  18:01  SCV  
  158  18:02  Marauder x2  
  163  18:07  SCV x3  
  163  18:11  Refinery  
  166  18:12  Medivac  
  166  18:13  Medivac, SCV  
  166  18:14  Refinery, Marauder  
  166  18:16  Marine, Marauder  
  166  18:17  Marine x7  
  166  18:18  Ghost Academy  
  166  18:19  SCV x3  
  186  18:23  Marine, Marauder  
  186  18:25  SCV, Planetary Fortress  
  190  18:31  SCV  
  191  18:34  Marine x2, Liberator x2  
  191  18:35  Marine x3, Liberator  
  191  18:38  Marauder  
  185  18:42  Marauder  
  185  18:45  Marauder  
  182  18:50  Missile Turret  
  182  18:53  Marauder  
  182  18:54  Marine  
  182  18:55  Marine x4  
  197  18:56  Widow Mine  
  198  19:34  Medivac  
  198  19:43  Marauder  
  200  19:51  Marauder  
  200  19:52  Marine x9, Marauder  
  163  20:04  Marine  
  163  20:06  Medivac  
  161  20:07  Medivac x2  
  161  20:09  Marine  
  161  20:11  Marauder  
  161  20:12  Marauder  
  161  20:13  Marauder  
  154  20:20  Liberator  
  150  20:22  Marauder  
  150  20:26  Marine  
  150  20:27  Marine  
  155  20:31  Ghost  
  155  20:33  SCV x4, Ghost  
  155  20:34  Command Center, Ghost  
  164  20:36  Medivac  
  164  20:37  Medivac  
  164  20:38  Barracks Tech Lab  
  171  20:43  Ghost  
  171  20:45  SCV x2  
  171  20:49  Liberator x2  
  172  21:00  Ghost  
  172  21:01  Marauder  
  172  21:02  Marauder  
  172  21:03  Marauder  
  175  21:12  Marine, Marauder, Liberator  
  175  21:13  Marine  
  175  21:14  Marine x4  
  179  21:22  Marauder  
  179  21:23  Marauder  
  179  21:25  Marauder  
  185  21:29  Marauder  
  185  21:30  Marine  
  185  21:31  Marine  
  185  21:32  Marine x3, Liberator x2  
  189  21:33  Ghost  
  167  21:41  Marine  
  167  21:42  Widow Mine  
  167  21:43  Ghost  
  167  21:44  Ghost  
  167  21:46  Marauder  
  172  21:48  Marine  
  172  21:49  Marine  
  172  21:50  Marine x4  
  178  21:58  Marine  
  173  22:02  Marine  
  173  22:06  Marine  
  173  22:07  Marine x3, Marauder  
  173  22:08  Marine, Marauder  
  183  22:12  Marine  
  183  22:13  Marine  
  184  22:16  Marine  
  184  22:19  Marine  
  174  22:24  Marine  
  174  22:25  Marine x4  
  174  22:28  Marine  
Show
View Real Time Build Order
Export as new Build Order

IIIIIIIIIIll Zerg - Winner!

Build Orders: Hatch First, Muta Ling Bane 

Get SALT Encoding   

  12  0:00  Drone  
  13  0:13  Overlord  
  13  0:18  Drone  
  14  0:31  Drone x2  
  16  0:35  Drone  
  17  0:52  Hatchery  
  17  0:55  Drone  
  17  0:59  Drone  
  18  1:10  Extractor  
  17  1:13  Spawning Pool  
  16  1:20  Drone  
  16  1:21  Drone  
  18  1:28  Drone  
  19  1:39  Drone  
  20  1:50  Overlord  
  20  1:59  Queen  
  22  2:04  Queen  
  22  2:05  Zergling x4  
  26  2:09  Metabolic Boost  
  26  2:15  Drone x2  
  28  2:22  Drone  
  29  2:26  Drone  
  30  2:33  Drone  
  31  2:42  Drone, Hatchery  
  31  2:45  Drone  
  31  2:49  Drone  
  33  2:55  Overlord  
  33  2:58  Drone  
  34  3:04  Pneumatized Carapace  
  34  3:05  Drone  
  35  3:10  Drone  
  35  3:12  Overlord  
  36  3:14  Drone x2  
  36  3:15  Drone  
  36  3:18  Drone  
  40  3:27  Overlord, Queen  
  40  3:28  Drone  
  40  3:31  Drone  
  44  3:34  Drone x2  
  46  3:41  Drone x2  
  46  3:42  Drone  
  49  3:51  Drone x2  
  49  3:52  Queen, Drone x2  
  55  3:59  Overlord  
  55  4:00  Baneling Nest  
  54  4:03  Drone x2  
  54  4:06  Drone  
  57  4:20  Extractor, Queen  
  57  4:21  Queen  
  57  4:23  Spore Crawler  
  59  4:27  Spore Crawler x2  
  59  4:30  Lair  
  57  4:33  Extractor, Drone x6  
  57  4:34  Drone x2  
  64  4:43  Overlord  
  64  4:44  Zergling x4  
  64  4:45  Zergling x4  
  68  4:46  Baneling  
  68  5:06  Drone x8  
  68  5:07  Extractor, Drone x2  
  77  5:14  Overlord  
  77  5:22  Evolution Chamber  
  77  5:24  Evolution Chamber  
  72  5:38  Extractor x2  
  72  5:39  Drone x11  
  81  5:46  Centrifical Hooks  
  81  5:47  Spire  
  81  5:48  Drone  
  81  5:49  Drone x2  
  83  5:50  Drone x3  
  83  5:51  Hatchery  
  83  5:52  Drone x2  
  83  5:53  Drone  
  83  5:55  Drone  
  89  6:07  Overlord  
  89  6:10  Zerg Melee Weapons Level 1, Zerg Ground Armor Level 1  
  89  6:27  Zergling x20, Hatchery  
  98  6:34  Overlord x2  
  98  6:35  Overlord  
  98  6:39  Baneling x6  
  98  6:44  Overlord x3  
  98  6:57  Overlord  
  98  6:59  Zerg Flyer Weapons Level 1  
  98  7:01  Drone x10  
  108  7:12  Zergling x12  
  114  7:16  Zergling x8  
  114  7:17  Zergling x2  
  114  7:18  Extractor  
  114  7:22  Extractor, Mutalisk x2  
  117  7:24  Mutalisk  
  123  7:30  Mutalisk x5  
  123  7:36  Drone  
  134  7:38  Infestation Pit  
  134  7:39  Zergling x10  
  114  7:59  Baneling x5  
  114  8:00  Zergling x28  
  114  8:04  Queen  
  126  8:05  Baneling  
  126  8:06  Zergling x4, Baneling x4  
  126  8:07  Zergling x6  
  131  8:14  Overseer  
  131  8:16  Overseer  
  126  8:29  Drone x2  
  126  8:30  Drone x7  
  126  8:33  Hive  
  135  8:39  Mutalisk x7  
  135  8:40  Hatchery  
  143  8:42  Queen  
  143  8:44  Queen  
  147  8:50  Baneling  
  147  8:51  Baneling x5  
  147  8:56  Zergling x20  
  157  9:02  Overlord  
  157  9:03  Overlord  
  150  9:17  Zergling x16  
  150  9:20  Overlord x3  
  158  9:30  Overlord x2, Zergling x2  
  158  9:31  Zergling x24  
  166  9:43  Zergling x2  
  166  9:44  Zergling x10  
  167  9:47  Baneling x12  
  167  9:52  Ultralisk Cavern  
  166  9:58  Zergling x16  
  171  10:00  Baneling x12  
  171  10:01  Zergling x2  
  172  10:10  Mutalisk x4  
  177  10:26  Adrenal Glands  
  152  10:46  Ultralisk x5  
  152  10:48  Zergling x4  
  152  10:49  Zergling x26  
  172  10:59  Zergling x18  
  177  11:07  Zergling x2  
  177  11:08  Zergling x6  
  180  11:18  Baneling x3  
  180  11:19  Baneling x3  
  180  11:23  Zergling x2  
  180  11:24  Zergling x20  
  191  11:26  Chitinous Plating  
  191  11:27  Zerg Ground Armor Level 2, Zerg Melee Weapons Level 2  
  191  11:37  Overseer x2  
  191  11:38  Overseer x2  
  187  11:43  Mutalisk x2  
  187  11:45  Zergling x2  
  187  11:46  Zergling x12  
  168  12:07  Ultralisk x2  
  168  12:11  Zergling x12  
  168  12:12  Zergling x20  
  170  12:24  Mutalisk x3  
  169  12:32  Mutalisk  
  169  12:34  Zergling x2  
  169  12:35  Zergling x14  
  179  12:40  Extractor  
  179  12:41  Extractor  
  179  12:42  Hatchery  
  176  12:47  Baneling x2  
  176  12:48  Baneling x8  
  176  12:51  Zergling x12  
  182  13:08  Hatchery  
  182  13:12  Overlord  
  181  13:13  Zerg Flyer Weapons Level 2  
  181  13:15  Overlord, Mutalisk x3  
  187  13:30  Overseer  
  185  13:48  Zerg Melee Weapons Level 3, Zerg Ground Armor Level 3  
  185  13:50  Drone x3  
  185  13:51  Drone x3  
  185  13:52  Drone x7  
  198  14:01  Extractor  
  197  14:09  Corruptor x2  
  199  14:10  Hatchery  
  197  14:48  Hatchery  
  197  14:49  Baneling x19  
  197  14:50  Baneling  
  196  14:53  Corruptor  
  196  14:54  Extractor, Corruptor  
  196  14:58  Extractor  
  169  15:19  Ultralisk  
  169  15:20  Ultralisk x5  
  170  15:27  Zergling x2  
  170  15:28  Zergling x38  
  188  15:29  Zergling x2  
  188  15:33  Corruptor x4  
  178  16:08  Corruptor x8  
  187  16:18  Spore Crawler  
  186  16:24  Hatchery  
  185  16:30  Corruptor x5  
  195  16:33  Zergling x10  
  200  16:46  Baneling  
  200  16:47  Baneling x8  
  178  17:21  Zergling x28  
  178  17:22  Zergling x14  
  193  17:32  Greater Spire  
  193  17:35  Extractor  
  193  17:36  Extractor  
  187  17:38  Overlord  
  175  17:46  Zergling x38  
  175  17:49  Hatchery  
  193  17:54  Drone x3  
  193  17:55  Drone  
  193  17:58  Queen  
  199  18:01  Baneling  
  199  18:02  Baneling x13  
  199  18:17  Pathogen Glands  
  199  18:19  Baneling x9  
  199  18:30  Hatchery  
  194  18:48  Zerg Flyer Weapons Level 3  
  194  19:05  Zergling x2  
  194  19:06  Zergling x12  
  194  19:07  Baneling x15  
  194  19:08  Extractor x2, Overseer x2  
  194  19:09  Overseer x3  
  198  19:18  Drone x2  
  199  19:45  Spawning Pool  
  193  19:50  Lair  
  154  20:04  Zergling x28  
  154  20:05  Zergling x24  
  179  20:10  Drone x3  
  178  20:22  Hatchery  
  178  20:24  Brood Lord x10  
  178  20:25  Brood Lord  
  199  20:32  Spine Crawler x2  
  199  20:33  Spine Crawler  
  196  20:46  Spawning Pool  
  184  20:50  Spore Crawler  
  184  20:51  Zergling x6  
  184  20:52  Spore Crawler  
  182  21:17  Zergling x22  
  182  21:18  Zergling x8  
  183  21:23  Spine Crawler x3  
  183  21:24  Spine Crawler  
  170  21:28  Spine Crawler  
  167  21:33  Zergling x2  
  167  21:34  Zergling x10  
  173  21:41  Spine Crawler x2  
  169  21:47  Corruptor  
  169  21:48  Corruptor x4  
  169  21:53  Overlord x4  
  179  21:54  Hatchery  
  175  22:21  Overlord x3  
  175  22:22  Overlord x2  
  123  22:49  Drone x8  
Tags
 
Add a new tag
Caveats
  • Supply blocks, unpowered buildings, or Contaminate may cause inaccurate times.
  • Supply counts are checked every 10 seconds.